 Dungeon Crawl Stone Soup version 0.31-a0-261-g072fdb8a1f (webtiles) character file.

Game seed: 10492969238587337058

39 qw the Shooter (level 3, -1/29 HPs)
             Began as a Minotaur Hexslinger on July 13, 2023.
             Slain by an ogre
             ... wielding a +0 giant spiked club
              (13 damage)
             ... on level 1 of the Dungeon.
             The game lasted 00:00:25 (976 turns).

qw the Shooter (Minotaur Hexslinger)                 Turns: 976, Time: 00:00:26

Health: -1/29      AC:  3    Str: 12    XL:     3   Next: 26%
Magic:  3/3        EV: 12    Int: 10    God:
Gold:   75         SH:  0    Dex: 14    Spells: 3/4 levels left

rFire   . . .        Y - +1 sling
rCold   . . .        (no shield)
rNeg    . . .        k - +0 leather armour
rPois   .            (helmet restricted)
rElec   .            (no cloak)
rCorr   .            (no gloves)
SInv    .            (no boots)
Will    .....        (no amulet)
Stlth   +            (no ring)
HPRegen 0.24/turn    (no ring)
MPRegen 0.08/turn

%: no passive effects
@: no status effects
A: horns 2, retaliatory headbutt
a: no special abilities


You were on level 1 of the Dungeon.
You visited 1 branch of the dungeon, and saw 2 of its levels.

You collected 75 gold pieces.


Innate Abilities, Weirdness & Mutations

You have a pair of horns on your head.
You reflexively headbutt those who attack you in melee.


   Skills:
 - Level 2.1 Fighting
 + Level 3.8 Ranged Weapons
 - Level 2.1 Dodging
 - Level 1.0 Spellcasting
 - Level 2.0 Hexes


You had 3 spell levels left.
You knew the following spells:

 Your Spells              Type           Power      Damage    Failure   Level
a - Slow                  Hex            16%        N/A       19%         1

Your spell library contained the following spells:

 Spells                   Type           Power      Damage    Failure   Level
 Inner Flame              Hex/Fire       2%         N/A       65%         3
 Portal Projectile        Hex/Tloc       4%         N/A       65%         3
 Cause Fear               Hex            2%         N/A       88%         4

Inventory:

Hand Weapons
 Y - a +1 sling (weapon)
Armour
 k - a +0 leather armour (worn)
Scrolls
 h - a scroll of identify
Potions
 d - a potion of berserk rage {unknown}
 e - a potion of curing {unknown}
 i - a potion of resistance {unknown}

Dungeon Overview and Level Annotations

Branches:
Dungeon (2/15)

Altars:

Shops:
D:2 *


Message History

Done exploring.
(D) Dungeon
Where to? (* - list waypoints, ? - help)
What level of the Dungeon? (default 1, ? - help)
There is a stone staircase leading down here.
You climb downwards.
The ogre shouts!
Found a minotaur skeleton, a felid skeleton and 6 poisoned darts.
There is a stone staircase leading up here.
An ogre is nearby!
Waypoint 1 assigned to D:2.
You shoot a sling bullet.
The sling bullet barely misses the ogre.
The ogre hits you with a +0 giant spiked club.
968 ||| STAIRDANCE You climb upwards.
There is a stone staircase leading down here.
Enter note:
Enter note:
Enter note: You shoot a sling bullet.
The sling bullet hits the ogre.
The ogre is lightly wounded.
The ogre barely misses you.
You shoot a sling bullet. The sling bullet hits the ogre.
The ogre is moderately wounded.
The ogre barely misses you. You furiously retaliate!
You headbutt the ogre. You shoot a sling bullet.
The sling bullet closely misses the ogre.
The ogre misses you.
You shoot a sling bullet. The sling bullet hits the ogre.
The ogre is heavily wounded.
The ogre closely misses you.
You shoot a sling bullet. The sling bullet hits the ogre.
The ogre is severely wounded.
The ogre hits you with a +0 giant spiked club!
You shoot a sling bullet. The sling bullet hits the ogre.
The ogre is severely wounded.
You shoot a sling bullet.
The sling bullet barely misses the ogre.
The ogre hits you with a +0 giant spiked club!
You die...

############.# #..# #.# #.#
############.# #..######.# #.#
#####¤######.# #.........# #.#
...¤¤¤¤#####.###.######### #.#
#####¤######...#.# #.#
#####¤########.#.# #.####
#####¤########.#.# #.....
#####¤¤¤######.#.# ######
#######¤######.#@#
#######.######.#O#
#######.######[#.# ##########
#### #.# #.#.#######.........
...####.######...........########
....##............########
##..............#.#
#.###.######.###.# #.....#
##...##


You could see an ogre.

Vanquished Creatures
  A dart slug (D:1)
  8 endoplasms (D:1)
  3 giant cockroaches (D:1)
  2 hobgoblins (D:1)
  3 jackals (D:1)
  2 quokkas (D:1)
  2 ball pythons (D:1)
  2 bats (D:1)
  4 frilled lizards (D:1)
  4 kobolds (D:1)
  2 rats (D:1)
33 creatures vanquished.

Notes
Turn   | Place    | Note
-------+----------+-------------------------------------------
     0 | D:1      | qw the Minotaur Hexslinger began the quest for the Orb.
     0 | D:1      | Reached XP level 1. HP: 16/16 MP: 1/1
     0 | D:1      | 0 ||| qw: Version: 0.3-a-52-g30416fa
     0 | D:1      | 0 ||| qw: Game counter: 7005
     0 | D:1      | 0 ||| qw: Melee chars always use a shield: true
     0 | D:1      | 0 ||| qw: God list: Okawaru
     0 | D:1      | 0 ||| qw: Allow faded altars: false
     0 | D:1      | 0 ||| qw: Do Orc after clearing Dungeon:15 true
     0 | D:1      | 0 ||| qw: Do second Lair branch before Depths: true
     0 | D:1      | 0 ||| qw: Lair rune preference: random
     0 | D:1      | 0 ||| qw: Goals: Normal
     0 | D:1      | 0 ||| PLANNING D:1-11
   197 | D:1      | Reached skill level 3 in Ranged Weapons
   197 | D:1      | Reached XP level 2. HP: 23/23 MP: 2/2
   515 | D:1      | Reached XP level 3. HP: 29/29 MP: 3/3
   876 | D:1      | 876 ||| UPGRADING to +0 leather armour.
   886 | D:1      | 886 ||| DROPPING +0 robe.
   887 | D:1      | 887 ||| READING scroll labelled GEROFE ZAOGRAE.
   939 | D:1      | 939 ||| READING scroll labelled AWOHUA YDDU.
   940 | D:1      | 940 ||| READING 2 scrolls labelled XISHAORO NEIG.
   941 | D:1      | 941 ||| READING 2 scrolls labelled XIEDEKHUEM.
   942 | D:1      | 942 ||| DROPPING scroll of poison.
   943 | D:1      | 943 ||| DROPPING scroll of fog.
   966 | D:2      | Noticed an ogre
   966 | D:2      | Found Akegrioj's General Store.
   968 | D:2      | 968 ||| STAIRDANCE
   976 | D:1      | Slain by an ogre

Levels and vault maps discovered:
D:1:      lightli_arrival_chessboard, layout_loops_ring,
          minmay_misc_feat_pillars, minmay_pentomino_u4
D:2:      layout_basic, serial_shops, nicolae_shop_gibbet_a_chance

Skill      XL: |  1  2 |
---------------+-------+-----
Ranged Weapons | 3 |  3.8
Fighting       | 2 |  2.1
Dodging        | |  2.1
Spellcasting   | |  1.0
Hexes          | |  2.0

Action                     || total
---------------------------++-------
   Fire: Sling             ||   108
    Use: Scroll            ||     4
 Armour: Robe              ||    10
  Dodge: Dodged            ||    36

Table legend:
 A = Non-vault XP
 B = Vault XP
 C = Vault XP percentage of total XP
 D = Non-vault monster count
 E = Vault monster count
 F = Vault count percentage of total count
                 A         B        C        D         E       F
            +---------+---------+-------+---------+---------+-------
      Total |      47 |       9 |  16.1 |      28 |       5 |  15.2
            +---------+---------+-------+---------+---------+-------
        D:1 |      47 |       9 |  16.1 |      28 |       5 |  15.2
            +---------+---------+-------+---------+---------+-------
